Match 46271770
Unlisted

Match 46271770
End
Panzergrenadier Squad
Panzergrenadier Squad
250 Light Carrier
Construct Light Support Kompanie
Panzerjäger Squad
2.5-tonne Medical Truck
Assault Mechanized Group
Construct Mechanized Kompanie
Selects Armored Support Battlegroup
Selects Superior Fire Drills
Selects Veteran Gunners
8 Rad Armored Car
Vehicle Survival Package
Marder III Tank Destroyer
Selects Salvage Kits
Support Armor Elements
Emergency Repair Kits
8 Rad Armored Car
Selects Panzer Storm
Marder III Tank Destroyer
Selects Stuka Anti-tank Loiter
Stuka Anti-tank Loiter
7k this year for sure
DroningGrievous
Esxile
MiLfschnitte
0
0

Comments sign in to comment!

No comments posted yet!